 Dungeon Crawl Stone Soup version 0.31.0-11-ge490571c62 (webtiles) character file.

Game seed: 7785358813259822998

164 qw the Skirmisher (level 5, -3/26 HPs)
             Began as a Deep Elf Hunter on Feb 4, 2024.
             Slain by a gnoll
             ... wielding a +4 halberd
              (10 damage)
             ... on level 4 of the Dungeon.
             The game lasted 00:00:11 (2600 turns).

qw the Skirmisher (Deep Elf Hunter)                 Turns: 2600, Time: 00:00:12

Health: -3/26      AC:  5    Str: 10    XL:     5   Next: 21%
Magic:  7/7        EV: 11    Int: 14    God:
Gold:   122        SH:  4    Dex: 18    Spells: 4/4 levels left

rFire   . . .        a - +1 shortbow
rCold   . . .        (shield currently unavailable)
rNeg    . . .        h - +0 ring mail
rPois   .            (no helmet)
rElec   .            (no cloak)
rCorr   .            (no gloves)
SInv    .            (no boots)
Will    .....        (no amulet)
Stlth   +            (no ring)
HPRegen 0.24/turn    (no ring)
MPRegen 0.10/turn

%: no passive effects
@: no status effects
A: large bone plates 1, frail 1, inability to drink after injury 1
a: no special abilities


You were on level 4 of the Dungeon.
You visited 1 branch of the dungeon, and saw 4 of its levels.

You collected 122 gold pieces.


Innate Abilities, Weirdness & Mutations

You are partially covered in large bone plates. (SH +4)
You are frail. (-10% HP)
You occasionally lose the ability to drink potions when taking damage.


   Skills:
 - Level 1.5 Fighting
 + Level 8.7 Ranged Weapons
 - Level 2.4 Dodging
 - Level 1.2 Stealth


You had 4 spell levels left.
You didn't know any spells.
Your spell library was empty.

Inventory:

Hand Weapons
 a - a +1 shortbow (weapon)
Armour
 h - a +0 ring mail (worn)
Wands
 f - a wand of paralysis (8)
 j - a wand of acid (5)
 m - a wand of iceblast (10)
Potions
 e - a potion of enlightenment {unknown}
 g - a potion of magic {unknown}
 i - a potion of haste {unknown}
 k - a potion of heal wounds {unknown}
 n - a potion of cancellation
 o - a potion of curing {unknown}

Dungeon Overview and Level Annotations

Branches:
Dungeon (4/15)
 Temple: D:4-7

Altars:
Elyvilon

Shops:
D:3 (


Message History

You climb downwards.
There is a stone staircase leading up here.
Waypoint 3 assigned to D:4.
You open the door. 3 gnolls come into view.
The gnoll shouts! x2; You hear a bark!
You shoot an arrow. The arrow barely misses the gnoll.
A hound comes into view.
You shoot an arrow. The arrow closely misses the gnoll.
The gnoll barely misses you. The gnoll hits you with a +0 whip.
You shoot an arrow. The arrow hits the gnoll!
The gnoll is almost dead.
The gnoll closely misses you. You block the gnoll's attack.
The gnoll closely misses you.
You shoot an arrow. The arrow hits the gnoll.
You kill the gnoll!
The gnoll hits you from afar with a +4 halberd.
The gnoll closely misses you.
You shoot an arrow. The arrow misses the hound.
The hound bites you but does no damage.
The gnoll hits you from afar with a +4 halberd.
The gnoll closely misses you.
An adder comes into view.
You shoot an arrow. The arrow hits the hound.
The hound is lightly wounded.
The hound barely misses you.
The gnoll hits you from afar with a +4 halberd.
The gnoll barely misses you. The hound bites you but does no damage.
You shoot an arrow. The arrow hits the hound!
The hound is heavily wounded.
You block the hound's attack. The gnoll barely misses you.
The gnoll hits you with a +0 whip. The hound completely misses you.
You shoot an arrow. The arrow hits the hound.
The hound is severely wounded.
The gnoll hits you but does no damage. The gnoll barely misses you.
The hound bites you. The gnoll barely misses you. You block the gnoll's attack.
You shoot an arrow. The arrow barely misses the hound.
You block the hound's attack. The hound bites you.
The gnoll hits you from afar with a +4 halberd!
You die...

#...#
#...##
#.... .
#...# ..
#...# ...
#...# ....
#...# .....
#<.S#g.....
#..@h......
#..g#......
###+# .....
.... ... ..
.


You could see a hound, 2 gnolls and an adder.

Vanquished Creatures
  5 gnolls
  5 adders
  3 dart slugs
  A ribbon worm (D:3)
  4 ball pythons
  3 bats
  6 endoplasms
  2 giant cockroaches (D:1)
  3 goblins
  11 hobgoblins
  4 jackals (D:2)
  2 quokkas (D:1)
  3 frilled lizards
  3 kobolds (D:1)
  9 rats
64 creatures vanquished.

Notes
Turn   | Place    | Note
-------+----------+-------------------------------------------
     0 | D:1      | qw the Deep Elf Hunter began the quest for the Orb.
     0 | D:1      | Reached XP level 1. HP: 12/12 MP: 3/3
     0 | D:1      | 0 ||| qw: Version: 0.3-a-160-g6735b56
     0 | D:1      | 0 ||| qw: Game counter: 4453
     0 | D:1      | 0 ||| qw: Melee chars always use a shield: true
     0 | D:1      | 0 ||| qw: God list: Okawaru
     0 | D:1      | 0 ||| qw: Allow faded altars: false
     0 | D:1      | 0 ||| qw: Do Orc after clearing Dungeon:15 true
     0 | D:1      | 0 ||| qw: Do second Lair branch before Depths: true
     0 | D:1      | 0 ||| qw: Lair rune preference: random
     0 | D:1      | 0 ||| qw: Goals: Normal
     0 | D:1      | 0 ||| PLANNING D:1-11
   102 | D:1      | Reached XP level 2. HP: 16/16 MP: 4/4
   104 | D:1      | Reached skill level 6 in Ranged Weapons
   582 | D:1      | Reached XP level 3. HP: 20/20 MP: 5/5
   702 | D:1      | 702 ||| UPGRADING to +0 ring mail.
   712 | D:1      | 712 ||| DROPPING +0 leather armour.
   713 | D:1      | 713 ||| READING 2 scrolls labelled BASEAB POLOTIM.
   714 | D:1      | 714 ||| READING scroll labelled ELUM URPHYE.
   715 | D:1      | 715 ||| READING scroll labelled LEENETT XEHOA.
   716 | D:1      | 716 ||| DROPPING scroll of butterflies.
   717 | D:1      | 717 ||| DROPPING scroll of blinking.
   719 | D:1      | 719 ||| Stepping ~*~*~tactically~*~*~ (cloud).
   727 | D:1      | HP: 5/20 [poisoned by you (poison gas)]
   847 | D:2      | 847 ||| FLEEEEING.
   849 | D:2      | 849 ||| FLEEEEING.
   850 | D:2      | 850 ||| FLEEEEING.
   851 | D:2      | 851 ||| FLEEEEING.
   853 | D:2      | 853 ||| FLEEEEING.
   854 | D:2      | 854 ||| FLEEEEING.
   866 | D:2      | Reached skill level 7 in Ranged Weapons
  1634 | D:2      | Reached XP level 4. HP: 25/25 MP: 6/6
  1892 | D:2      | 1892 ||| READING scroll labelled WEULIE UVUFOU.
  1892 | D:2      | 1892 ||| ENCHANTING +0 shortbow.
  1893 | D:2      | 1893 ||| READING scroll labelled URIW EZEBUIS.
  1988 | D:3      | 1988 ||| STAIRDANCE
  1995 | D:2      | Reached skill level 8 in Ranged Weapons
  2004 | D:3      | 2004 ||| STAIRDANCE
  2018 | D:3      | 2018 ||| STAIRDANCE
  2029 | D:3      | 2029 ||| STAIRDANCE
  2308 | D:3      | Identified the +7 short sword of the Jumping Tiger {heavy,
                  | rC- Int+6}
  2319 | D:3      | Found a faded altar of an unknown god.
  2339 | D:3      | Reached XP level 5. HP: 29/29 MP: 7/7
  2401 | D:3      | Found Guucamy's Weapon Boutique.
  2498 | D:3      | Found a white marble altar of Elyvilon.
  2550 | D:3      | 2550 ||| READING scroll labelled GENUOB RUXOYCH.
  2550 | D:3      | 2550 ||| IDENTIFYING glowing coppery potion
  2551 | D:3      | 2551 ||| DRINKING 2 grey potions.
  2552 | D:3      | 2552 ||| DRINKING 2 fuming white potions.
  2552 | D:3      | Gained mutation: You do not regenerate when monsters are
                  | visible. [potion of mutation]
  2552 | D:3      | Gained mutation: You are somewhat resistant to further
                  | mutation. [potion of mutation]
  2553 | D:3      | 2553 ||| DRINKING potion of mutation.
  2553 | D:3      | Lost mutation: You are somewhat resistant to further
                  | mutation. [potion of mutation]
  2553 | D:3      | Lost mutation: You do not regenerate when monsters are
                  | visible. [potion of mutation]
  2553 | D:3      | Gained mutation: You occasionally lose the ability to drink
                  | potions when taking damage. [potion of mutation]
  2553 | D:3      | Gained mutation: You are frail. (-10% HP) [potion of
                  | mutation]
  2553 | D:3      | Gained mutation: You are partially covered in large bone
                  | plates. (SH +4) [potion of mutation]
  2554 | D:3      | 2554 ||| DRINKING 2 red potions.
  2555 | D:3      | 2555 ||| DROPPING potion of invisibility.
  2556 | D:3      | 2556 ||| DROPPING potion of brilliance.
  2600 | D:4      | Slain by a gnoll

Levels and vault maps discovered:
D:1:      erik_arrival_orb_chamber, layout_loops_ring
D:2:      layout_basic, serial_co_window_serial, co_window_paths_a,
          co_window_corner_a, co_window_paths_b, co_window_paths_a,
          co_window_corner_a, co_window_unsneaky_path_c,
          co_window_of_opportunity_b, co_window_broadway_c,
          co_window_of_opportunity_b, co_window_2corner,
          co_window_unsneaky_path_b, co_window_unsneaky_path_a,
          co_window_4corner_a, co_window_sun, glass_columns_c
D:3:      layout_basic, lemuel_crystal_altar, chequers_ecumenical_altar_simple,
          serial_shops, shop
D:4:      layout_gridville, mainiacjoe_overflow_brackets, serial_shops, shop

Skill      XL: |  1  2  3  4 |
---------------+-------------+-----
Ranged Weapons | 6 7 8 |  8.7
Fighting       | |  1.5
Dodging        | |  2.4
Stealth        | |  1.2

Action                     |  1- 3 |  4- 6 || total
---------------------------+-------+-------++-------
   Fire: Shortbow          |    98 |    73 ||   171
    Use: Scroll            |     3 |     3 ||     6
         Potion            |       |     4 ||     4
 Armour: Leather armour    |     8 |       ||     8
         Ring mail         |     6 |    36 ||    42
  Dodge: Dodged            |    33 |    30 ||    63
  Block: Other             |       |     4 ||     4

Table legend:
 A = Non-vault XP
 B = Vault XP
 C = Vault XP percentage of total XP
 D = Non-vault monster count
 E = Vault monster count
 F = Vault count percentage of total count
                 A         B        C        D         E       F
            +---------+---------+-------+---------+---------+-------
      Total |     235 |       0 |   0.0 |      64 |       0 |   0.0
            +---------+---------+-------+---------+---------+-------
        D:1 |      44 |       0 |   0.0 |      24 |       0 |   0.0
        D:2 |     121 |       0 |   0.0 |      28 |       0 |   0.0
        D:3 |      57 |       0 |   0.0 |      11 |       0 |   0.0
        D:4 |      13 |       0 |   0.0 |       1 |       0 |   0.0
            +---------+---------+-------+---------+---------+-------
